 Dungeon Crawl Stone Soup version 0.31-a0-986-g5e6e4ef867 (webtiles) character file.

Game seed: 10026470482279406581

118016 Zonian the Eclecticist (level 16, -1/80 HPs)
             Began as a Deep Elf Ice Elementalist on Nov 20, 2023.
             Was a Follower of Uskayaw.
             Slain by a jumping spider (5 damage)
             ... on level 1 of the Spider Nest on Nov 22, 2023.
             The game lasted 04:20:17 (43328 turns).

Zonian the Eclecticist (Deep Elf Ice Elementalist) Turns: 43328, Time: 04:20:18

Health: -1/80      AC: 15    Str:  5      XL:     16   Next: 24%
Magic:  8/39       EV:  8    Int: 31      God:    Uskayaw [*.....]
Gold:   1148       SH:  0    Dex: 20 (21) Spells: 2/50 levels left

rFire   + . .        c - +1 dagger (venom) {short}
rCold   + . .        O - +3 buckler {rC+}
rNeg    . . .        F - +2 steam dragon scales
rPois   .            H - +1 helmet "Negesm" {rC+ Dex+6}
rElec   .            C - scarf {shadows}
rCorr   +            (no gloves)
SInv    +            P - +1 pair of boots
Will    +....        K - amulet of reflection
Stlth   +++++        Y - ring "Hatul" {AC+4 Stlth+}
HPRegen 0.33/turn    D - ring "Put-Me-On" {Fire rCorr Int+2 SInv}
MPRegen 0.26/turn

%: reflection
@: held
A: no striking features
a: Renounce Religion, Stomp


You were on level 1 of the Spider Nest.
You worshipped Uskayaw.
Uskayaw was aware of your devotion.
You visited 4 branches of the dungeon, and saw 24 of its levels.
You also visited: Ice Cave.

You collected 2966 gold pieces.
You spent 1818 gold pieces at shops.


   Skills:
 + Level 2.2 Fighting
 - Level 8.0 Short Blades
 - Level 6.1 Ranged Weapons
 - Level 5.6 Dodging
 - Level 6.8 Stealth
 - Level 4.0 Shields
 + Level 17.7 Spellcasting
 - Level 10.9 Conjurations
 + Level 10.0 Hexes
 - Level 12.0 Summonings
 - Level 4.0 Necromancy
 + Level 4.3 Translocations
 - Level 4.7 Fire Magic
 - Level 13.6 Ice Magic
 - Level 4.0 Air Magic
 + Level 9.1 Invocations
 - Level 4.0 Evocations


You had 2 spell levels left.
You knew the following spells:

 Your Spells              Type           Power      Damage    Failure   Level
a - Freeze                Ice            100%       1d10      0%          1
b - Frozen Ramparts       Ice            100%       1d16      1%          3
c - Ozocubu's Armour      Ice            84%        N/A       1%          3
d - Hailstorm             Conj/Ice       81%        3d16      1%          3
e - Summon Ice Beast      Ice/Summ       82%        N/A       1%          4
f - Call Canine Familiar  Summ           80%        N/A       1%          3
g - Summon Guardian Gole  Hex/Summ       77%        N/A       1%          3
h - Summon Lightning Spi  Summ/Air       67%        N/A       1%          4
i - Anguish               Hex/Necr       31%        N/A       1%          4
j - Summon Cactus Giant   Summ           40%        N/A       2%          6
k - Summon Mana Viper     Hex/Summ       77%        N/A       1%          5
l - Summon Forest         Summ/Tloc      33%        N/A       2%          5
m - Airstrike             Air            25%        2d(4-20)  4%          4

Your spell library contained the following spells:

 Spells                   Type           Power      Damage    Failure   Level
 Summon Small Mammal      Summ           100%       N/A       1%          1
 Static Discharge         Conj/Air       100%       3-8/arc   1%          2
 Dazzling Flash           Conj/Hex       100%       N/A       1%          3
 Inner Flame              Hex/Fire       83%        N/A       1%          3
 Cause Fear               Hex            37%        N/A       1%          4
 Flame Wave               Conj/Fire      85%        2d18      1%          4
 Sticky Flame             Conj/Fire      85%        2d10      1%          4
 Metabolic Englaciation   Hex/Ice        39%        N/A       1%          5
 Ignite Poison            Fire/Tmut/Pois 54%        N/A       4%          3
 Silence                  Hex/Air        31%        N/A       4%          5
 Simulacrum               Ice/Necr       35%        N/A       11%         6
 Agony                    Necr           51%        N/A       14%         5
 Petrify                  Tmut/Erth      27%        N/A       26%         4
 Enfeeble                 Hex            37%        N/A       34%         7
 Ignition                 Fire           35%        3d11      100%        8

Inventory:

Hand Weapons
 c - a +1 dagger of venom (weapon) {short}
   (You took it off a goblin on level 1 of the Dungeon)
 g - a +4 sling of freezing
   (You found it on level 2 of the Lair of Beasts)
 h - a +2 antimagic rapier {short}
   (You found it on level 11 of the Dungeon)
 t - a +0 short sword of venom {short}
   (You found it on level 4 of the Dungeon)
 y - a +2 dire flail of protection {mace}
   (You took it off Edmund on level 5 of the Dungeon)
 A - the +8 trident of the Octopus King {venom, rElec rPois, polearm}
   (You found it on level 5 of the Lair of Beasts)

   rElec:     It insulates you from electricity.
   rPois:     It protects you from poison
 U - a +0 short sword of draining {short}
   (You found it on level 2 of the Lair of Beasts)
Missiles
 b - 29 poisoned darts {throwing}
 p - 10 javelins {throwing}
 z - 6 curare-tipped darts {=fthrowing}
 G - 2 throwing nets {=f!fthrowing}
 Z - 10 boomerangs {throwing}
Armour
 C - a scarf of shadows (worn)
   (You bought it in a shop on level 2 of the Orcish Mines)
 F - +2 steam dragon scales (worn)
   (You found it on level 8 of the Dungeon)
 H - the +1 helmet "Negesm" (worn) {rC+ Dex+6}
   (You found it on level 8 of the Dungeon)

   Dex+6:     It affects your dexterity (+6).
   rC+:       It protects you from cold.
 I - a +0 cloak
   (You found it on level 1 of the Lair of Beasts)
 M - a +2 robe of cold resistance
   (You found it in an ice cave)
 O - a +3 buckler of cold resistance (worn)
   (You found it in an ice cave)
 P - a +1 pair of boots (worn)
   (You found it on level 13 of the Dungeon)
Magical Staves
 w - a staff of cold {!astaff}
   (You found it on level 5 of the Dungeon)
Jewellery
 f - a ring of poison resistance
   (You bought it in a shop on level 6 of the Dungeon)
 m - a ring of see invisible
   (You found it in an ice cave)
 D - the ring "Put-Me-On" (right hand) {Fire rCorr Int+2 SInv}
   (You found it on level 8 of the Dungeon)

   [ring of fire]

   Fire:      It enhances your fire magic.
   Int+2:     It affects your intelligence (+2).
   rF+:       It protects you from fire.
   rC-:       It makes you vulnerable to cold.
   SInv:      It lets you see invisible.
   rCorr:     It protects you from acid and corrosion.
 K - an amulet of reflection (around neck)
   (You bought it in a shop on level 6 of the Dungeon)
 L - the ring of the Griffon {Wiz rC+}
   (You found it on level 8 of the Dungeon)

   [ring of wizardry]

   Wiz:       It improves your spell success rate.
   rC+:       It protects you from cold.
 T - a ring of flight
   (You found it on level 2 of the Lair of Beasts)
 X - a ring of willpower
   (You found it on level 3 of the Lair of Beasts)
 Y - the ring "Hatul" (left hand) {AC+4 Stlth+}
   (You bought it in a shop on level 6 of the Dungeon)

   [ring of protection]

   AC+4:      It affects your AC (+4).
   Stlth+:    It makes you more stealthy.
Wands
 j - a wand of roots (3)
   (You found it on level 4 of the Lair of Beasts)
 o - a wand of mindburst (10)
   (You found it on level 4 of the Dungeon)
 u - a wand of charming (23)
   (You found it on level 7 of the Dungeon)
 W - a wand of flame (18)
   (You took it off an orc on level 15 of the Dungeon)
Scrolls
 a - 3 scrolls of immolation {!r!r}
 i - 3 scrolls of blinking {!r}
 k - 2 scrolls of revelation
 n - 2 scrolls of fog
 E - 4 scrolls of vulnerability {!r!r}
 J - 9 scrolls of identify {@r1}
 Q - 2 scrolls of poison {!r}
 S - 4 scrolls of teleportation {@r4}
 V - a scroll of summoning
Potions
 d - 7 potions of lignification {!q}
 e - 6 potions of enlightenment
 l - 5 potions of mutation {!q}
 q - 6 potions of curing {@q1}
 s - 3 potions of might
 v - 3 potions of attraction {!q}
 x - a potion of cancellation
 B - 4 potions of resistance
 N - 3 potions of haste {@q3}
 R - a potion of berserk rage {!q}
Miscellaneous
 r - a phantom mirror
   (You found it on level 11 of the Dungeon)

Dungeon Overview and Level Annotations

Branches:
Dungeon (15/15) Zot: 24829  Temple (0/1) D:6            Lair (5/5) D:9 Zot: 17072
  Swamp (0/4) Lair:2       Spider (2/4) Lair:2 Zot: 11871   Slime (0/5) Lair:5
    Orc (2/2) D:9 Zot: 9640     Elf (0/3) Orc:2        Vaults (0/5) D:13
 Depths (0/4) D:15          IceCv (visited)

Altars:
Elyvilon
Trog
Uskayaw
The Shining One
Jiyva
Lugonu

Shops:
D:6 !?:==   D:10 =   D:13 (   Orc:2 *[*[

Portals:
Abyss: D:6

Annotations:
D:5 1 runed translucent door, Crazy Yiuf
Lair:3 1 runed translucent door
Lair:4 2 transporters, Peulonen's ghost, journeyman TeDe

#.. # ### #..##...#
..## ##.. ..#. ..## .^.
.^. ##..###..#####^#
#@s###.#.##..#.#
##ssBs#...#.....#
#.###ยงss..#..##..#..#
#..โ€ โ€
.###..#.#...#..##
#>......#...#...##...#
#..#...###^..#โ€
..##..#
#..##.#.....#.#...##..#
#.:#
#.####.##.##...#^.##
..# .s. #...##.<.#.#..#


You could see a wolf spider, a jumping spider (ally target), a friendly emperor
scorpion (summoned), a friendly entropy weaver (summoned) and 3 friendly
redbacks.


Message History

Your Hexes skill increases to level 10! ๐Ÿ˜จ HP[+1] Unknown command.
You hit the moth of wrath.
The moth of wrath looks as sick as possible!
Your warg bites the culicivora!
The moth of wrath goads the culicivora on!
The culicivora goes berserk!
You hit the moth of wrath. The culicivora bites you.
* * * LOW HITPOINT WARNING * * *
The culicivora draws strength from your injuries!
Your warg completely misses the culicivora.
Your lightning spire shoots out a bolt of lightning at the moth of wrath!
The bolt of electricity hits the moth of wrath!
The moth of wrath dies!
A jumping spider comes into view.
You block the culicivora's attack. ๐Ÿ˜จ HP[-6] MP[+1]
You take 6 damage, and now have 30/80 hp.
The culicivora rages.
The culicivora bites you!
* * * LOW HITPOINT WARNING * * *
The culicivora draws strength from your injuries!
Your cactus giant barely misses the culicivora. ๐Ÿ˜ฑ HP[-11]
You take 11 damage, and now have 19/80 hp.
Unknown command.
You closely miss the culicivora.
Your lightning spire disappears in a puff of smoke!
The culicivora bites you but does no damage.
Your warg closely misses the culicivora.
The culicivora barely misses you. ๐Ÿ˜ฑ HP[+1] Unknown command.
You hit the culicivora but do no damage.
Your warg bites the culicivora!
A wolf spider comes into view.
The culicivora closely misses your warg.
Unknown command.
You strike the helpless culicivora from behind!
You impale the culicivora!! You block the culicivora's attack.
Your warg bites the culicivora.
You can now pass through a line of other dancers.
Unknown command.
You hit the culicivora but do no damage.
The culicivora is poisoned.
The culicivora bites you!
* * * LOW HITPOINT WARNING * * *
The culicivora draws strength from your injuries!
Something closely misses your warg. Something bites your warg.
The culicivora bites you.
* * * LOW HITPOINT WARNING * * *
The culicivora draws strength from your injuries!
Your warg barely misses the culicivora.
Your cactus giant barely misses the culicivora. ๐Ÿ˜ฑ HP[-11] MP[+1]
You take 11 damage, and now have 9/80 hp.
Unknown command.
You barely miss the culicivora. You block the culicivora's attack.
Something completely misses your warg. Something bites your warg.
A redback comes into view.
Your warg bites the culicivora.
The culicivora dies!
Unknown command.
Okay, then.
As you read the scroll of summoning, it crumbles to dust.
Wisps of shadow whirl around you... Something pounces on your warg!
Something bites your warg! The wolf spider hits your warg!
Your warg dies!
Your warg's corpse disappears in a puff of smoke! ๐Ÿ˜ฑ HP[+1] Unknown command.
You swap places.
The jumping spider leaps!
The redback is struck by your cactus giant's spines.
The redback bites your cactus giant!
Your redback barely misses the jumping spider.
Your cactus giant hits the redback with a +0 giant spiked club!
The redback is struck by your cactus giant's spines.
The redback dies!
You can no longer pass through a line of other dancers.
Unknown command.
You closely miss the jumping spider. The wolf spider hits your redback!!
The wolf spider bites your redback but does no damage.
You block the jumping spider's attack. x2
Your entropy weaver closely misses the jumping spider.
Your entropy weaver hits the jumping spider but does no damage.
Your entropy weaver barely misses the jumping spider.
Your entropy weaver hits the jumping spider.
Your redback barely misses the jumping spider. ๐Ÿ˜ฑ HP[+1] MP[+1] Unknown command.
You miss the jumping spider.
Your cactus giant disappears in a puff of smoke!
The wolf spider closely misses your redback.
The wolf spider bites your redback.
Your redback looks as sick as possible!
The wolf spider poisons your redback! The jumping spider pounces on you!
* * * LOW HITPOINT WARNING * * *
You are caught in a web!
The jumping spider bites you.
You die...

Skill      XL: |  1  2  3  4  5  6  7  8  9 10 11 12 13 14 15 16 |
---------------+-------------------------------------------------+-----
Spellcasting   | 4 5 6 7 9 10 11 12 13 14 15 16 17 | 17.7
Ice Magic      | 5 6 7 8 9 10 11 12 13 | 13.6
Conjurations   | 2 4 6 7 9 10 | 10.9
Summonings     | 2 4 6 7 9 10 11 12 | 12.0
Stealth        | 3 4 6 |  6.8
Dodging        | 3 4 5 |  5.6
Invocations    | 3 5 7 8 9 |  9.1
Short Blades   | 3 4 6 8 |  8.0
Evocations     | 2 4 |  4.0
Ranged Weapons | 2 5 6 |  6.1
Fire Magic     | 4 |  4.7
Hexes          | 4 7 9 10 | 10.0
Necromancy     | 4 |  4.0
Shields        | 1 3 4 |  4.0
Translocations | 4 |  4.3
Air Magic      | 4 |  4.0
Fighting       | 2 |  2.2

Action                     |  1- 3 |  4- 6 |  7- 9 | 10-12 | 13-15 | 16-18 || total
---------------------------+-------+-------+-------+-------+-------+-------++-------
  Melee: Dagger            |    52 |    54 |    13 |   309 |   975 |    77 ||  1480
         Punch             |     1 |     2 |     1 |     7 |    12 |       ||    23
         Short sword       |       |    10 |    44 |       |   114 |       ||   168
         Staff             |       |       |     9 |       |       |       ||     9
         Dire flail        |       |       |    38 |       |     6 |       ||    44
         Hand axe          |       |       |     2 |       |       |       ||     2
         Trident           |       |       |       |       |    37 |    20 ||    57
   Fire: Sling             |       |       |       |       |    22 |       ||    22
  Throw: Javelin           |       |       |     3 |     1 |       |       ||     4
         Dart              |       |       |     1 |    20 |     1 |       ||    22
         Boomerang         |       |       |       |       |     6 |       ||     6
   Cast: Freeze            |    51 |    27 |     5 |       |       |       ||    83
         Ozocubu's Armour  |     1 |       |    15 |    25 |    28 |     2 ||    71
         Frozen Ramparts   |       |     7 |    38 |    55 |    43 |     3 ||   146
         Summon Ice Beast  |       |       |       |    41 |    33 |     1 ||    75
         Call Canine Famil |       |       |       |    33 |    34 |     1 ||    68
         Hailstorm         |       |       |       |     6 |    39 |       ||    45
         Summon Guardian G |       |       |       |       |    13 |       ||    13
         Summon Cactus Gia |       |       |       |       |    46 |     7 ||    53
         Summon Mana Viper |       |       |       |       |    20 |     5 ||    25
         Anguish           |       |       |       |       |     7 |       ||     7
         Summon Lightning  |       |       |       |       |    17 |     6 ||    23
         Summon Forest     |       |       |       |       |    15 |       ||    15
         Airstrike         |       |       |       |       |    13 |     6 ||    19
 Invoke: Stomp             |       |     2 |     5 |     1 |     5 |       ||    13
         Line Pass         |       |       |       |       |     6 |       ||     6
  Evoke: Wand              |       |     2 |     9 |    17 |    17 |     2 ||    47
    Use: Potion            |     1 |       |     1 |     4 |     6 |     2 ||    14
         Scroll            |       |    13 |    19 |     6 |    16 |     3 ||    57
   Stab: Sleeping          |     5 |     1 |     2 |     6 |    33 |     3 ||    50
         Paralysed         |       |     1 |     4 |    10 |    21 |     2 ||    38
         Distracted        |       |       |       |     1 |    15 |     2 ||    18
         Confused          |       |       |       |       |     2 |       ||     2
 Armour: Robe              |    48 |    47 |    94 |       |   288 |       ||   477
         Steam dragon scal |       |       |     3 |   199 |   254 |    64 ||   520
         Skin              |       |       |       |       |     1 |       ||     1
  Dodge: Dodged            |    66 |    39 |    86 |   238 |   554 |    32 ||  1015
  Block: Buckler           |       |       |       |       |   261 |    62 ||   323
         Reflection        |       |       |       |       |     5 |     2 ||     7

Levels and vault maps discovered:
D:1:      nzn_arrival_water_spiral, layout_loops_corners,
          basic_ecumenical_altar, serial_co_window_serial, co_window_corner_a,
          co_window_paths_a, co_window_corner_a, co_window_paths_a,
          co_window_corner_a, co_window_of_opportunity_a, co_window_paths_a,
          co_window_broadway_b, co_window_broadway_a, co_window_unsneaky_path_c,
          co_window_broadway_a, co_window_unsneaky_path_b, co_window_corner_cb,
          co_window_of_opportunity_b, co_window_paths_e, glass_columns_c,
          glass_columns_a, minmay_misc_feat_rows, nrook_mini_backslash
D:2:      layout_basic, guppyfry_early_lair_pool
D:3:      layout_basic, serial_undead, serial_undead_c, serial_undead_e,
          serial_undead_b, serial_undead_c, serial_undead_c, serial_undead_f,
          serial_undead_d, serial_undead_b, kennysheep_big_empty_room
D:4:      layout_cave_pools
D:5:      layout_basic, kennysheep_mini, serial_glass, glass_columns_b,
          glass_columns_b, glass_columns_b, glass_columns_b, glass_columns_b,
          glass_columns_a, glass_columns_b, glass_columns_a, glass_columns_a,
          glass_columns_a, uniq_ijyb, uniq_menkaure, uniq_edmund,
          uniq_crazy_yiuf_cottage
D:6:      layout_basic, minmay_temple_entry_drinking_statues, serial_shops,
          shop, shop, nicolae_stop_n_shop_2, nicolae_shop_window_shopping, shop,
          dk_noncrumbling_2, amcnicky_altar_lugonu_corruption, uniq_sigmund
D:7:      layout_rooms, serial_glass, glass_columns_c, glass_columns_a,
          glass_columns_c, glass_columns_b, glass_columns_a, glass_columns_a
D:8:      minmay_cut_squares, layout_loops_cross, trog_butcher_becter,
          uniq_jeremiah, uniq_grum
D:9:      layout_layer_cave, minmay_lair_entry_grove, david_orc_1_choice,
          kennysheep_generic_room_14
D:10:     kennysheep_big_flooded_room, layout_loops_ring, serial_shops, shop
D:11:     layout_loops_ring, portal_ice_cave_rime
D:12:     layout_irregular_city, serial_co_window_serial, co_window_paths_b,
          co_window_of_opportunity_a, co_window_paths_a, co_window_corner_a,
          co_window_paths_a, co_window_paths_c, co_window_broadway_b,
          co_window_2corner, co_window_4corner_a, glass_columns_c,
          glass_columns_c, elyvilon_altar_1, uniq_kirke
D:13:     layout_roguey, grunt_vaults_entry_tiered, serial_shops, shop
D:14:     layout_cave_pools
D:15:     gammafunk_depths_entry_grave, layout_loops_cross, uniq_nessos,
          uniq_josephine
Lair:1:   layout_loops_ring, serial_bayou_shore_b, uniq_amaemon
Lair:2:   layout_gridlike, swamp_mist_pool, spider_nest_entry_a,
          bobbens_dragon_lair_wall, infiniplex_staircase_pool_2,
          lemuel_fruit_tree, uniq_harold
Lair:3:   layout_gridlike, st_stairs_4, eino_small_chamber_without_monster,
          pf_torpor_hydra, grunt_megastairs_5
Lair:4:   layout_regular_city, basic_altar, gammafunk_ghost_arena
Lair:5:   gammafunk_lair_ancient_temple, layout_big_grid,
          minmay_slime_entry_pillars, uniq_sonja
Spider:1: layout_spider_delve
Spider:2: layout_chambers, ebering_ghost_inner_flame,
          nicolae_spider_solar_radiation
Orc:1:    layout_diamond_mine, basic_altar
Orc:2:    st_orc_open, layout_diamond_mine, nicolae_orc_sculptors_studio,
          uniq_jorgrun

Notes
Turn   | Place    | Note
-------+----------+-------------------------------------------
     0 | D:1      | Zonian the Deep Elf Ice Elementalist began the quest for
                  | the Orb.
     0 | D:1      | Reached XP level 1. HP: 10/10 MP: 6/6
     0 | D:1      | magus.rc [v1.9.6]
    87 | D:1      | Found a faded altar of an unknown god.
    98 | D:1      | Prayed at the altar of an unknown god.
    98 | D:1      | Became a worshipper of Uskayaw the Reveller
    98 | D:1      | Reached * piety under Uskayaw
   353 | D:1      | Reached XP level 2. HP: 15/15 MP: 5/8
   786 | D:1      | Reached ** piety under Uskayaw
  1578 | D:2      | Reached skill level 4 in Spellcasting
  1578 | D:2      | Reached skill level 5 in Ice Magic
  1578 | D:2      | Reached XP level 3. HP: 19/19 MP: 6/10
  1679 | D:2      | Identified the +3 robe of the Iron City of Dis {Harm rF++
                  | Int+3}
  2236 | D:3      | Reached *** piety under Uskayaw
  2241 | D:3      | Learned a level 3 spell: Frozen Ramparts
  2245 | D:3      | Learned a level 3 spell: Ozocubu's Armour
  2313 | D:3      | Reached XP level 4. HP: 16/24 MP: 8/12
  2320 | D:3      | Reached skill level 5 in Spellcasting
  2950 | D:3      | Reached XP level 5. HP: 28/28 MP: 11/14
  3343 | D:4      | Reached skill level 6 in Ice Magic
  3408 | D:4      | Reached skill level 6 in Spellcasting
  3677 | D:4      | Reached XP level 6. HP: 32/32 MP: 13/17
  4295 | D:5      | Entered Level 5 of the Dungeon
  4524 | D:5      | Reached skill level 7 in Spellcasting
  4581 | D:5      | Reached skill level 7 in Ice Magic
  4659 | D:5      | Noticed Ijyb
  4758 | D:5      | Noticed Menkaure
  4759 | D:5      | Killed Menkaure
  4760 | D:5      | Reached XP level 7. HP: 36/36 MP: 20/20
  4760 | D:5      | Noticed Edmund
  4767 | D:5      | Killed Edmund
  4768 | D:5      | Reached skill level 8 in Spellcasting
  4871 | D:5      | Reached skill level 8 in Ice Magic
  4931 | D:5      | Found a glowing golden altar of the Shining One.
  4967 | D:5      | Found a runed translucent door.
  4968 | D:5      | Noticed Crazy Yiuf
  5147 | D:5      | Killed Ijyb
  5410 | D:6      | Found Bufidd's Magic Scroll Emporium.
  5412 | D:6      | Reached skill level 9 in Spellcasting
  5412 | D:6      | Reached XP level 8. HP: 41/41 MP: 23/23
  5604 | D:6      | Found a corrupted altar of Lugonu.
  5604 | D:6      | Found a one-way gate to the infinite horrors of the Abyss.
  6187 | D:6      | Bought a scroll of fear for 52 gold pieces
  6187 | D:6      | Bought a scroll of summoning for 123 gold pieces
  6287 | D:6      | Found Ekkev's Book Emporium.
  6289 | D:6      | Found Seyh's Jewellery Shoppe.
  6307 | D:6      | Found a staircase to the Ecumenical Temple.
  6623 | D:6      | Reached skill level 9 in Ice Magic
  6665 | D:6      | You pick up a book of Callings and begin reading...
  6665 | D:6      | You add the spells Summon Small Mammal, Call Canine
                  | Familiar and Summon Guardian Golem to your library.
  6702 | D:6      | Noticed Sigmund
  6706 | D:6      | magus.rc [v1.9.6]
  6744 | D:6      | Found Cyinwaro's Jewellery Shoppe.
  6803 | D:6      | Reached skill level 10 in Spellcasting
  6941 | D:6      | Found Jiju's Distillery.
  7106 | D:6      | You pick up a book of Frost and begin reading...
  7111 | D:6      | Learned a level 3 spell: Hailstorm
  7116 | D:6      | Learned a level 4 spell: Summon Ice Beast
  7169 | D:6      | Reached skill level 1 in Conjurations
  7169 | D:6      | Reached skill level 1 in Summonings
  7576 | D:7      | Reached skill level 2 in Conjurations
  7670 | D:7      | Reached skill level 2 in Summonings
  7844 | D:7      | Reached skill level 3 in Stealth
  7986 | D:7      | Reached skill level 3 in Dodging
  7986 | D:7      | Reached XP level 9. HP: 43/45 MP: 19/25
  8155 | D:8      | Reached **** piety under Uskayaw
  8263 | D:8      | Noticed a cyclops
  8264 | D:8      | Noticed a troll
  8305 | D:7      | Reached skill level 3 in Conjurations
  8318 | D:7      | HP: 4/45 [something (12)]
  8323 | D:7      | Reached skill level 4 in Stealth
  8323 | D:7      | Reached skill level 11 in Spellcasting
  8323 | D:7      | Reached skill level 3 in Summonings
  8380 | D:7      | Reached skill level 10 in Ice Magic
  8381 | D:7      | Reached skill level 4 in Dodging
  8656 | D:8      | Noticed Jeremiah
  8688 | D:8      | Killed a cyclops
  8689 | D:8      | Reached skill level 4 in Conjurations
  8759 | D:8      | Identified the ring of the Griffon {Wiz rC+}
  8766 | D:8      | Learned a level 3 spell: Call Canine Familiar
  8774 | D:8      | Noticed a cyclops
  8776 | D:8      | Noticed a harpy
  8777 | D:8      | Noticed a boulder beetle
  8784 | D:8      | Reached skill level 4 in Summonings
  8787 | D:8      | Noticed a purple ugly thing
  8890 | D:8      | Identified the +7 chain mail of the Protecting Gods {Str+4}
  9355 | D:8      | Identified the +1 helmet "Negesm" {rC+ Dex+6}
  9367 | D:8      | Noticed a yaktaur
  9375 | D:8      | Killed a yaktaur
  9376 | D:8      | Noticed a cyclops
  9384 | D:8      | Noticed Grum
  9390 | D:8      | Killed Grum
  9391 | D:8      | Reached XP level 10. HP: 35/50 MP: 24/27
  9392 | D:8      | Reached ***** piety under Uskayaw
  9394 | D:8      | Killed Jeremiah
  9395 | D:8      | Reached skill level 5 in Conjurations
  9395 | D:8      | Reached skill level 5 in Summonings
  9705 | D:8      | Reached skill level 12 in Spellcasting
 10137 | D:8      | Found a bloodstained altar of Trog.
 10409 | D:8      | Identified the ring "Put-Me-On" {Fire rCorr Int+2 SInv}
 10446 | D:8      | Killed a purple ugly thing
 10447 | D:8      | Reached skill level 5 in Stealth
 10447 | D:8      | Killed a cyclops
 10448 | D:8      | Reached skill level 11 in Ice Magic
 10949 | D:9      | Noticed a boulder beetle
 11019 | D:8      | Killed a boulder beetle
 11020 | D:8      | Reached skill level 6 in Conjurations
 11020 | D:8      | Reached skill level 6 in Summonings
 11113 | D:9      | Killed a boulder beetle
 11114 | D:9      | Reached skill level 6 in Stealth
 11293 | D:9      | Reached skill level 5 in Dodging
 11378 | D:9      | Found a staircase to the Orcish Mines.
 11638 | D:9      | Reached XP level 11. HP: 43/54 MP: 25/29
 12193 | D:9      | Found a staircase to the Lair.
 12235 | D:9      | Reached skill level 13 in Spellcasting
 12248 | D:9      | You add the spells Ignite Poison, Sticky Flame and Ignition
                  | to your library.
 12402 | D:9      | magus.rc [v1.9.6]
 12773 | Lair:1   | Entered Level 1 of the Lair of Beasts
 12821 | Lair:1   | Reached skill level 7 in Conjurations
 13068 | D:6      | Bought a ring of poison resistance for 300 gold pieces
 13173 | Lair:1   | Reached skill level 7 in Summonings
 13173 | Lair:1   | Reached skill level 1 in Invocations
 13417 | Lair:1   | Reached skill level 1 in Short Blades
 13757 | Lair:1   | Noticed Amaemon
 13791 | Lair:1   | Killed Amaemon
 13792 | Lair:1   | Reached skill level 2 in Short Blades
 13792 | Lair:1   | Reached skill level 2 in Invocations
 14074 | Lair:1   | Reached skill level 1 in Evocations
 14404 | Lair:1   | Reached skill level 3 in Invocations
 14407 | Lair:1   | Reached ****** piety under Uskayaw
 14409 | Lair:1   | Reached skill level 12 in Ice Magic
 14424 | Lair:1   | Reached skill level 2 in Evocations
 14782 | Lair:1   | Reached skill level 3 in Short Blades
 15021 | Lair:2   | Noticed a seven-headed hydra
 15037 | Lair:1   | Reached XP level 12. HP: 49/59 MP: 26/31
 15243 | Lair:2   | Found a hole to the Spider Nest.
 15252 | Lair:1   | Reached skill level 8 in Conjurations
 15254 | Lair:1   | HP: 14/59 [poisoned by a redback]
 15259 | Lair:1   | HP: 6/59 [poisoned by a redback]
 16371 | Lair:1   | Reached skill level 8 in Summonings
 16698 | Lair:2   | Reached skill level 3 in Evocations
 16911 | Lair:2   | Reached skill level 4 in Invocations
 16943 | Lair:2   | Found a staircase to the Swamp.
 17009 | Lair:2   | Reached skill level 14 in Spellcasting
 17448 | Lair:2   | Killed a seven-headed hydra
 17449 | Lair:2   | Reached skill level 4 in Short Blades
 18037 | Lair:2   | Reached skill level 4 in Evocations
 18098 | Lair:2   | Noticed Harold
 18522 | Lair:2   | Reached skill level 5 in Invocations
 19358 | Lair:3   | Reached skill level 9 in Conjurations
 19361 | Lair:3   | Reached skill level 1 in Ranged Weapons
 19365 | Lair:3   | Reached skill level 9 in Summonings
 19405 | Lair:3   | Reached skill level 2 in Ranged Weapons
 19678 | Lair:3   | Learned a level 3 spell: Summon Guardian Golem
 19683 | Lair:3   | Learned a level 4 spell: Sticky Flame
 19716 | Lair:3   | Reached XP level 13. HP: 59/63 MP: 30/33
 19888 | D:6      | Bought the ring "Hatul" {AC+4 Stlth+} for 687 gold pieces
 20190 | Lair:3   | Reached skill level 1 in Fire Magic
 20325 | Lair:3   | Reached skill level 3 in Ranged Weapons
 20810 | Lair:3   | Reached skill level 13 in Ice Magic
 20810 | Lair:3   | HP: 13/63 [dream sheep (15)]
 20817 | Lair:3   | Reached skill level 2 in Fire Magic
 20953 | Lair:3   | Found a runed translucent door.
 21158 | Lair:4   | Reached skill level 15 in Spellcasting
 21285 | Lair:4   | You pick up a book of Hexes and begin reading...
 21285 | Lair:4   | You add the spells Anguish, Cause Fear and Enfeeble to your
                  | library.
 21411 | Lair:4   | Reached skill level 4 in Ranged Weapons
 21433 | Lair:4   | Reached skill level 1 in Hexes
 21625 | Lair:4   | Noticed Peulonen's ghost (journeyman TeDe)
 21626 | Lair:4   | Found a transporter.
 21633 | Lair:4   | Found a transporter.
 21970 | Lair:4   | Found a hide-covered altar of Uskayaw.
 22064 | Lair:4   | Reached skill level 3 in Fire Magic
 22066 | Lair:4   | Reached skill level 2 in Hexes
 22505 | Lair:5   | Entered Level 5 of the Lair of Beasts
 22524 | Lair:5   | Found a viscous altar of Jiyva.
 22525 | Lair:5   | Found a staircase to the Slime Pits.
 22736 | Lair:5   | Reached skill level 3 in Hexes
 22740 | Lair:5   | Reached skill level 10 in Conjurations
 22887 | Lair:5   | Reached skill level 5 in Ranged Weapons
 22887 | Lair:5   | Reached skill level 10 in Summonings
 22891 | Lair:5   | Reached skill level 4 in Fire Magic
 23123 | Lair:5   | Reached skill level 4 in Hexes
 23248 | Lair:5   | Noticed Sonja
 23256 | Lair:5   | Killed Sonja
 23385 | Lair:5   | Reached XP level 14. HP: 45/68 MP: 15/35
 23401 | Lair:5   | HP: 9/68 [wyvern (12)]
 23672 | Lair:5   | Reached skill level 6 in Ranged Weapons
 23977 | Lair:5   | Learned a level 4 spell: Anguish
 24184 | Lair:5   | Reached skill level 5 in Short Blades
 24432 | Lair:5   | Reached skill level 5 in Hexes
 24587 | Lair:5   | Reached skill level 1 in Necromancy
 24774 | Lair:5   | Found the +8 trident of the Octopus King {venom, rElec
                  | rPois}
 24797 | Lair:5   | You pick up a book of Flames and begin reading...
 24797 | Lair:5   | You add the spells Inner Flame and Flame Wave to your
                  | library.
 24798 | Lair:5   | Identified the +0 ring mail "Kawasek" {rPois Int+3}
 25314 | D:10     | Entered Level 10 of the Dungeon
 25510 | D:10     | Found Ydairat's Jewellery Shoppe.
 25839 | Lair:2   | Killed Harold
 26166 | D:10     | magus.rc [v1.9.6]
 26209 | D:10     | You pick up a book of the Wilderness and begin reading...
 26209 | D:10     | You add the spells Summon Forest, Summon Mana Viper and
                  | Summon Cactus Giant to your library.
 26217 | D:10     | Learned a level 6 spell: Summon Cactus Giant
 26223 | D:10     | Learned a level 5 spell: Summon Mana Viper
 26329 | D:10     | Reached skill level 6 in Invocations
 26336 | D:10     | Reached skill level 2 in Necromancy
 26358 | D:10     | Reached skill level 16 in Spellcasting
 27013 | D:11     | Reached skill level 6 in Hexes
 27140 | D:11     | You pick up a book of Sloth and begin reading...
 27140 | D:11     | You add the spells Petrify and Metabolic Englaciation to
                  | your library.
 27147 | D:11     | Learned a level 5 spell: Summon Forest
 27181 | D:11     | Found a frozen archway.
 27187 | D:11     | Reached skill level 3 in Necromancy
 27231 | IceCv    | Entered an ice cave
 28967 | IceCv    | Reached skill level 6 in Short Blades
 29154 | IceCv    | Identified the +8 chain mail of Vehumet's Pride {rF- rN+
                  | Str+2 Int+9}
 29176 | IceCv    | You pick up a book of the Tundra and begin reading...
 29437 | D:11     | magus.rc [v1.9.6]
 30087 | D:12     | Reached skill level 4 in Necromancy
 30197 | D:12     | Noticed Kirke
 30454 | D:12     | Reached skill level 7 in Hexes
 30456 | D:12     | You pick up a book of Storms and begin reading...
 30456 | D:12     | You add the spells Static Discharge, Airstrike and Summon
                  | Lightning Spire to your library.
 31066 | D:12     | Reached skill level 7 in Invocations
 31068 | D:12     | Reached skill level 1 in Shields
 31732 | D:12     | Noticed a sphinx
 31741 | D:12     | Killed Kirke
 31959 | D:12     | Found a white marble altar of Elyvilon.
 32312 | D:6      | Killed Sigmund
 32332 | D:6      | Bought an amulet of reflection for 360 gold pieces
 33506 | Lair:5   | Learned a level 4 spell: Summon Lightning Spire
 33731 | D:12     | Aim: a skeletal warrior, wielding a +0 antimagic war axe
                  | (moderately damaged, ally target, about 31% to evade the +8
                  | trident of the Octopus King)
 33731 | D:12     | Aim: a skeletal warrior, wielding a +0 antimagic war axe
                  | (moderately damaged, ally target, about 31% to evade the +8
                  | trident of the Octopus King)
 33994 | D:12     | Reached XP level 15. HP: 58/72 MP: 28/37
 34223 | D:13     | Reached skill level 1 in Translocations
 34356 | D:13     | Reached skill level 1 in Air Magic
 34370 | D:13     | You pick up a book of the Senses and begin reading...
 34370 | D:13     | You add the spells Dazzling Flash, Agony and Silence to
                  | your library.
 34421 | D:13     | Reached skill level 2 in Shields
 34435 | D:13     | HP: 16/72 [human (7)]
 34440 | D:13     | HP: 15/72 [human simulacrum[a necromancer] (2)]
 34446 | D:13     | HP: 16/72 [human simulacrum[a necromancer] (1)]
 34558 | D:13     | HP: 17/72 [centaur warrior (8)]
 34562 | D:13     | Reached skill level 11 in Summonings
 34836 | D:13     | Found a gate to the Vaults.
 34959 | D:13     | magus.rc [v1.9.6]
 35068 | D:13     | Found Woluceorch's Antique Weapon Emporium.
 35348 | D:13     | HP: 11/72 [large slime creature (15)]
 35846 | D:13     | Reached skill level 2 in Translocations
 35874 | D:13     | Reached skill level 7 in Short Blades
 36050 | D:13     | Reached skill level 8 in Hexes
 36093 | D:13     | Reached skill level 2 in Air Magic
 37615 | Orc:1    | Entered Level 1 of the Orcish Mines
 37862 | Orc:2    | Entered Level 2 of the Orcish Mines
 37865 | Orc:2    | Reached skill level 3 in Translocations
 37876 | Orc:2    | Reached skill level 3 in Shields
 37876 | Orc:2    | Reached skill level 17 in Spellcasting
 37973 | Orc:2    | Reached skill level 8 in Invocations
 38062 | Orc:2    | Noticed Jorgrun
 38092 | Orc:1    | Reached skill level 3 in Air Magic
 38352 | Orc:2    | Killed Jorgrun
 38416 | Orc:2    | Found Upaca Uf Okk's General Store.
 38445 | Orc:2    | HP: 15/72 [two-headed ogre/+0 giant spiked club (18)]
 39384 | Orc:2    | Reached skill level 9 in Hexes
 39490 | Orc:2    | Found a staircase to the Elven Halls.
 39613 | Orc:2    | Reached skill level 4 in Translocations
 39636 | Orc:2    | Found Orhoal's Antique Armour Emporium.
 39640 | Orc:2    | Found Xocoxa's Armour Boutique.
 39656 | Orc:2    | Bought an embroidered scarf for 296 gold pieces
 39670 | Orc:2    | Found Gotel's Assorted Antiques.
 40527 | Lair:4   | Learned a level 4 spell: Airstrike
 40718 | D:13     | magus.rc [v1.9.6]
 40718 | D:13     | magus.rc [v1.9.6]
 40758 | D:15     | Entered Level 15 of the Dungeon
 40931 | D:15     | Noticed Nessos
 40937 | D:15     | Killed Nessos
 40956 | D:15     | HP: 15/72 [centaur warrior/arrow (5)]
 41478 | D:15     | Reached skill level 4 in Air Magic
 41515 | D:15     | Reached skill level 8 in Short Blades
 41524 | D:15     | Reached XP level 16. HP: 38/77 MP: 28/39
 41533 | D:15     | Reached skill level 1 in Fighting
 41533 | D:15     | Reached skill level 4 in Shields
 41633 | D:15     | Noticed Josephine
 41647 | D:15     | Killed Josephine
 42308 | D:15     | Reached skill level 12 in Summonings
 42449 | D:15     | Found a staircase to the Depths.
 42482 | D:15     | HP: 13/80 [skeletal warrior/+0 long sword (12)]
 42492 | D:15     | Reached skill level 9 in Invocations
 43189 | Spider:1 | Entered Level 1 of the Spider Nest
 43193 | Spider:1 | Reached skill level 2 in Fighting
 43194 | Spider:1 | You fall into a shaft and drop 1 floor!
 43316 | Spider:1 | Reached skill level 10 in Hexes
 43318 | Spider:1 | HP: 19/80 [culicivora (11)]
 43322 | Spider:1 | HP: 9/80 [culicivora (1)]
 43328 | Spider:1 | HP: 4/80 [jumping spider (7)]
 43328 | Spider:1 | Slain by a jumping spider

Vanquished Creatures
  Nessos (D:15)
  Josephine (D:15)
  A hydra (Lair:5)
  2 vault guards (D:13)
  2 ogre magi (Orc:2)
  7 two-headed ogres
  A merfolk avatar (Lair:5)
  4 centaur warriors
  A death yak (Lair:5)
  A tengu warrior (D:10)
  Sonja (Lair:5)
  Amaemon (Lair:1)
  2 skeletal warriors
  2 deep trolls (Orc:2)
  2 sea snakes (Lair:5)
  An arcanist (D:13)
  A harpy (Lair:5)
  3 necromancers
  An orc knight (D:15)
  2 deep elf pyromancers
  An orc sorcerer (Orc:2)
  A manticore (D:13)
  A wolf spider (Spider:1)
  2 ugly things
  16 elephants
  6 cyclopes
  An ice statue (IceCv)
  3 black mambas
  A cane toad (shapeshifter) (D:15)
  5 cane toads
  Jeremiah (D:8)
  2 anaconda simulacra (IceCv)
  8 rime drakes
  A tengu conjurer (D:15)
  13 komodo dragons
  4 yaktaurs (D:15)
  A yaktaur (shapeshifter) (D:8)
  A meliai (D:14)
  4 hornets
  8 trolls
  A hornet (shapeshifter) (D:13)
  7 blink frogs
  2 dream sheep (Lair:3)
  A snapping turtle (Lair:5)
  2 jumping spiders (Lair:2)
  2 shadows
  3 wyverns
  64 yaks
  6 slime creatures
  6 wraiths
  A dire elephant simulacrum (IceCv)
  4 basilisks
  Grum (D:8)
  17 humans (D:13)
  2 hogs (D:12)
  3 redbacks
  6 steam dragons
  Menkaure (D:5)
  Edmund (D:5)
  3 acid dragons
  8 water moccasins
  3 black bears
  8 orc warriors
  12 ogres
  10 wolves
  7 bullfrogs
  A gnoll sergeant (D:8)
  8 scorpions
  9 wights
  A water moccasin zombie (D:3)
  16 killer bees
  An elephant simulacrum (IceCv)
  2 howler monkeys (D:10)
  4 hounds
  4 orc priests
  4 jellies
  A sleepcap (D:6)
  Ijyb (D:5)
  9 iguanas
  8 orc wizards
  2 troll simulacra (IceCv)
  A polar bear simulacrum (IceCv)
  A wolf simulacrum (IceCv)
  2 naga simulacra (IceCv)
  10 adders
  A shadow imp (D:8)
  3 white imps
  5 ufetubi
  A worm (D:2)
  35 orcs
  7 endoplasms
  4 giant cockroaches
  9 goblins
  5 hobgoblins
  4 jackals (D:3)
  3 quokkas
  6 ball pythons
  2 bats (D:1)
  3 frilled lizards
  A jackal skeleton (D:3)
  5 kobolds
  7 rats
  A lurking horror (D:6)
485 creatures vanquished.

Vanquished Creatures (collateral kills)
  Jorgrun (Orc:2)
  Kirke (D:12)
  A ghost moth (Spider:1)
  A fire dragon (D:15)
  A hydra (Lair:2)
  A jorogumo (Spider:1)
  Harold (Lair:2)
  5 two-headed ogres (Orc:2)
  A sphinx skeleton (D:15)
  2 centaur warriors
  A death yak (Lair:5)
  3 boulder beetles
  A vampire mage (D:15)
  A sea snake (Lair:5)
  5 skeletal warriors
  2 bog bodies (IceCv)
  A storm dragon skeleton (D:15)
  2 harpies (Lair:5)
  5 ugly things (D:14)
  A wolf spider (D:15)
  An orc sorcerer (Orc:2)
  3 manticores
  A necromancer (D:13)
  5 cyclopes
  A moth of wrath (Spider:1)
  9 elephants
  A black mamba (Lair:4)
  4 cane toads
  An orange demon (Lair:1)
  7 rime drakes
  2 komodo dragons
  A freezing wraith (D:15)
  An anaconda simulacrum (IceCv)
  2 meliai (D:14)
  4 polar bears
  A meliai (shapeshifter) (D:15)
  7 dream sheep
  10 trolls
  5 blink frogs
  5 slime creatures
  A culicivora (Spider:1)
  Sigmund (D:6)
  A wraith (D:14)
  2 hogs (D:12)
  2 wyverns
  6 basilisks
  A redback (Spider:1)
  3 steam dragons (Lair:2)
  11 yaks
  2 harpy simulacra (IceCv)
  A vampire mosquito (D:14)
  An acid dragon (Lair:2)
  3 water moccasins
  A black bear (Lair:2)
  10 orc warriors
  14 ogres
  3 wolves
  4 centaurs
  A kobold brigand (D:9)
  3 bullfrogs
  2 two-headed ogre simulacra (IceCv)
  A cane toad simulacrum (IceCv)
  2 wights
  2 elephant simulacra (IceCv)
  2 orc priests (Orc:1)
  5 orc wizards
  5 spriggan simulacra (IceCv)
  4 troll simulacra (IceCv)
  3 polar bear simulacra (IceCv)
  5 naga simulacra (IceCv)
  4 white imps (IceCv)
  3 ufetubi (IceCv)
  17 orcs
234 creatures vanquished.

Vanquished Creatures (others)
  A deep elf knight (D:13)
  A skeletal warrior (D:12)
  A vampire mosquito (D:14)
  A wight (D:10)
  3 spriggan simulacra (IceCv)
  A lurking horror (D:6)
  5 snaplasher vines
13 creatures vanquished.

Grand Total: 732 creatures vanquished

Table legend:
 A = Non-vault XP
 B = Vault XP
 C = Vault XP percentage of total XP
 D = Non-vault monster count
 E = Vault monster count
 F = Vault count percentage of total count
                 A         B        C        D         E       F
            +---------+---------+-------+---------+---------+-------
      Total |   96462 |   72133 |  42.8 |     484 |     241 |  33.2
            +---------+---------+-------+---------+---------+-------
        D:1 |      25 |       0 |   0.0 |      17 |       0 |   0.0
        D:2 |      34 |       0 |   0.0 |      11 |       0 |   0.0
        D:3 |      93 |      71 |  43.3 |      26 |       2 |   7.1
        D:4 |     233 |       0 |   0.0 |      24 |       0 |   0.0
        D:5 |     620 |     369 |  37.3 |      18 |       3 |  14.3
        D:6 |    1023 |     223 |  17.9 |      21 |       1 |   4.5
        D:7 |    1381 |       0 |   0.0 |      22 |       0 |   0.0
        D:8 |     633 |    5384 |  89.5 |       7 |      20 |  74.1
        D:9 |    1999 |    2663 |  57.1 |      15 |      22 |  59.5
       D:10 |    4428 |    1627 |  26.9 |      28 |       2 |   6.7
       D:11 |    4183 |     781 |  15.7 |      16 |       2 |  11.1
       D:12 |   10006 |    2179 |  17.9 |      34 |       5 |  12.8
       D:13 |    5857 |    8435 |  59.0 |      14 |      25 |  64.1
       D:14 |    8224 |       0 |   0.0 |      19 |       0 |   0.0
       D:15 |    9009 |    7757 |  46.3 |      22 |      12 |  35.3
     Lair:1 |    9307 |    1342 |  12.6 |      38 |       3 |   7.3
     Lair:2 |    6022 |    5507 |  47.8 |      26 |      18 |  40.9
     Lair:3 |    7847 |    1972 |  20.1 |      25 |       7 |  21.9
     Lair:4 |    7411 |       0 |   0.0 |      23 |       0 |   0.0
     Lair:5 |    9153 |   12577 |  57.9 |      27 |      30 |  52.6
   Spider:1 |    3881 |       0 |   0.0 |       8 |       0 |   0.0
      Orc:1 |    1641 |       0 |   0.0 |      19 |       0 |   0.0
      Orc:2 |    3452 |   16729 |  82.9 |      24 |      38 |  61.3
      IceCv |       0 |    4517 | 100.0 |       0 |      51 | 100.0
            +---------+---------+-------+---------+---------+-------

Skill      XL: |  1  2  3  4  5  6  7  8  9 10 11 12 13 14 15 16 |
---------------+-------------------------------------------------+-----
Spellcasting   | 4 5 6 7 9 10 11 12 13 14 15 16 17 | 17.7
Ice Magic      | 5 6 7 8 9 10 11 12 13 | 13.6
Conjurations   | 2 4 6 7 9 10 | 10.9
Summonings     | 2 4 6 7 9 10 11 12 | 12.0
Stealth        | 3 4 6 |  6.8
Dodging        | 3 4 5 |  5.6
Invocations    | 3 5 7 8 9 |  9.1
Short Blades   | 3 4 6 8 |  8.0
Evocations     | 2 4 |  4.0
Ranged Weapons | 2 5 6 |  6.1
Fire Magic     | 4 |  4.7
Hexes          | 4 7 9 10 | 10.0
Necromancy     | 4 |  4.0
Shields        | 1 3 4 |  4.0
Translocations | 4 |  4.3
Air Magic      | 4 |  4.0
Fighting       | 2 |  2.2

Action                     |  1- 3 |  4- 6 |  7- 9 | 10-12 | 13-15 | 16-18 || total
---------------------------+-------+-------+-------+-------+-------+-------++-------
  Melee: Dagger            |    52 |    54 |    13 |   309 |   975 |    77 ||  1480
         Punch             |     1 |     2 |     1 |     7 |    12 |       ||    23
         Short sword       |       |    10 |    44 |       |   114 |       ||   168
         Staff             |       |       |     9 |       |       |       ||     9
         Dire flail        |       |       |    38 |       |     6 |       ||    44
         Hand axe          |       |       |     2 |       |       |       ||     2
         Trident           |       |       |       |       |    37 |    20 ||    57
   Fire: Sling             |       |       |       |       |    22 |       ||    22
  Throw: Javelin           |       |       |     3 |     1 |       |       ||     4
         Dart              |       |       |     1 |    20 |     1 |       ||    22
         Boomerang         |       |       |       |       |     6 |       ||     6
   Cast: Freeze            |    51 |    27 |     5 |       |       |       ||    83
         Ozocubu's Armour  |     1 |       |    15 |    25 |    28 |     2 ||    71
         Frozen Ramparts   |       |     7 |    38 |    55 |    43 |     3 ||   146
         Summon Ice Beast  |       |       |       |    41 |    33 |     1 ||    75
         Call Canine Famil |       |       |       |    33 |    34 |     1 ||    68
         Hailstorm         |       |       |       |     6 |    39 |       ||    45
         Summon Guardian G |       |       |       |       |    13 |       ||    13
         Summon Cactus Gia |       |       |       |       |    46 |     7 ||    53
         Summon Mana Viper |       |       |       |       |    20 |     5 ||    25
         Anguish           |       |       |       |       |     7 |       ||     7
         Summon Lightning  |       |       |       |       |    17 |     6 ||    23
         Summon Forest     |       |       |       |       |    15 |       ||    15
         Airstrike         |       |       |       |       |    13 |     6 ||    19
 Invoke: Stomp             |       |     2 |     5 |     1 |     5 |       ||    13
         Line Pass         |       |       |       |       |     6 |       ||     6
  Evoke: Wand              |       |     2 |     9 |    17 |    17 |     2 ||    47
    Use: Potion            |     1 |       |     1 |     4 |     6 |     2 ||    14
         Scroll            |       |    13 |    19 |     6 |    16 |     3 ||    57
   Stab: Sleeping          |     5 |     1 |     2 |     6 |    33 |     3 ||    50
         Paralysed         |       |     1 |     4 |    10 |    21 |     2 ||    38
         Distracted        |       |       |       |     1 |    15 |     2 ||    18
         Confused          |       |       |       |       |     2 |       ||     2
 Armour: Robe              |    48 |    47 |    94 |       |   288 |       ||   477
         Steam dragon scal |       |       |     3 |   199 |   254 |    64 ||   520
         Skin              |       |       |       |       |     1 |       ||     1
  Dodge: Dodged            |    66 |    39 |    86 |   238 |   554 |    32 ||  1015
  Block: Buckler           |       |       |       |       |   261 |    62 ||   323
         Reflection        |       |       |       |       |     5 |     2 ||     7

Illustrated notes

Table legend:
 A = Kills in this place as a percentage of kills in the entire game.
 B = Kills by you in this place as a percentage of kills by you in the entire game.
 C = Kills by friends in this place as a percentage of kills by friends in the entire game.
 D = Other kills in this place as a percentage of other kills in the entire game.
 E = Experience gained in this place as a percentage of experience gained in the entire game.
 F = Experience gained in this place divided by the number of levels of this place that you have seen.
                   A       B       C       D       E      F
               +-------+-------+-------+-------+-------+----------------------
         Total | 100.0 | 100.0 | 100.0 | 100.0 | 100.0 | 6743.8
       Dungeon |  53.5 |  65.3 |  29.1 |  57.1 |  45.8 | 5149.1
          Lair |  27.2 |  26.2 |  29.9 |   0.0 |  36.3 | 12227.6
   Spider Nest |   1.1 |   0.6 |   2.1 |   0.0 |   2.3 | 1940.5
  Orcish Mines |  11.2 |   5.0 |  24.4 |   0.0 |  12.9 | 10911.0
      Ice Cave |   7.0 |   2.9 |  14.5 |  42.9 |   2.7 | 4517.0
               +-------+-------+-------+-------+-------+----------------------

Table legend: (Time is in decaauts)
 A = Elapsed time spent in this place.
 B = Non-inter-level travel time spent in this place.
 C = Inter-level travel time spent in this place.
 D = Time resting spent in this place.
 E = Time spent auto-exploring this place.
 F = Levels seen in this place.
 G = Mean time per level.
                   A        B        C        D        E       F      G
               +--------+--------+--------+--------+--------+-----+--------+
         Total |  43093 |  40034 |   3059 |  16764 |  10631 |  25 | 1723.7 |
       Dungeon |  25641 |  23556 |   2085 |   8736 |   8494 |  15 | 1709.4 |
          Lair |  12927 |  12019 |    908 |   5853 |   1310 |   5 | 2585.4 |
   Spider Nest |    128 |    128 |      0 |     34 |      8 |   2 |   64.0 |
  Orcish Mines |   2359 |   2294 |     65 |    813 |    779 |   2 | 1179.5 |
      Ice Cave |   2037 |   2037 |      0 |   1328 |     40 |   1 | 2037.0 |
               +--------+--------+--------+--------+--------+-----+--------+

Top non-repeatable levels by time:
  Lair:1: 3787 daAuts
  Lair:2: 3215 daAuts
     D:8: 2909 daAuts
    D:12: 2776 daAuts
    D:13: 2538 daAuts
     D:9: 2517 daAuts
  Lair:5: 2481 daAuts
   IceCv: 2037 daAuts
  Lair:4: 1885 daAuts
     D:6: 1878 daAuts
     D:5: 1838 daAuts
   Orc:2: 1825 daAuts
    D:15: 1580 daAuts
  Lair:3: 1557 daAuts
    D:14: 1509 daAuts
